 Dungeon Crawl Stone Soup version 0.18.1-50-g88ac8fd (webtiles) character file.

70 magog001 the Shield-Bearer (level 4, -1/40 HPs)
             Began as a Minotaur Fighter on Aug 13, 2018.
             Slain by Jessica (3 damage)
             ... on level 2 of the Dungeon.
             The game lasted 00:05:43 (1169 turns).

magog001 the Shield-Bearer (Minotaur Fighter)       Turns: 1169, Time: 00:05:44

Health: -1/40      AC:  7    Str: 27    XL:     4   Next: 3%
Magic:  3/3        EV:  8    Int:  5    God:
Gold:   80         SH: 10    Dex:  9    Spells: 0 memorised, 3 levels left

rFire  . . .     SeeInvis .     a - +0 war axe
rCold  . . .     Gourm    .     b - +0 scale mail
rNeg   . . .     Faith    .     c - +0 shield
rPois  .         Spirit   .     (helmet restricted)
rElec  .         Dismiss  .     (no cloak)
rCorr  .         Reflect  .     (no gloves)
SustAt .         Harm     .     (no boots)
MR     .....                    (no amulet)
Stlth  ..........               (no ring)
                                (no ring)

@: mighty, drained, not resistant to hostile enchantments, extremely unstealthy
A: retaliatory headbutt, horns 2
a: no special abilities


You were on level 2 of the Dungeon.
You were not hungry.

You visited 1 branch of the dungeon, and saw 2 of its levels.

You collected 80 gold pieces.

Inventory:

Hand Weapons
 a - a +0 war axe (weapon)
Missiles
 e - 13 poisoned needles
 i - 42 bolts
Armour
 b - a +0 scale mail (worn)
 c - a +0 shield (worn)
Jewellery
 h - a +6 ring of intelligence {unknown}
Scrolls
 k - 2 scrolls of teleportation {unknown}
 l - a scroll of enchant armour {unknown}
Potions
 j - 2 potions of flight {unknown}
Comestibles
 f - a bread ration
 g - 2 chunks of flesh


   Skills:
 + Level 4.2(4.1) Fighting
 + Level 2.9(2.8) Axes
 + Level 4.2(4.0) Armour
 + Level 1.2(1.0) Dodging
 + Level 4.4(4.3) Shields


You had 3 spell levels left.
You didn't know any spells.

Dungeon Overview and Level Annotations

Branches:
Dungeon (2/15)

Altars:
Dithmenos
Qazlal
Trog

Annotations:
D:2 Jessica


Innate Abilities, Weirdness & Mutations

You reflexively headbutt those who attack you in melee.
You have a pair of horns on your head.


Message History

You closely miss Jessica.
Jessica is heavily wounded.
You block Jessica's attack. Jessica hits you.
* * * LOW HITPOINT WARNING * * *
Drink which item? (? for menu, Esc to quit)
You feel very mighty all of a sudden. Jessica hits you but does no damage.
You hit Jessica.
Jessica is severely wounded.
Jessica hits you but does no damage.
You barely miss Jessica.
Jessica is severely wounded.
Jessica hits you.
* * * LOW HITPOINT WARNING * * *
Your shield prevents you from hitting Jessica.
Jessica is severely wounded.
Jessica hits you.
* * * LOW HITPOINT WARNING * * *
Jessica hits you.
You die...

.............#.
.............#.
.............#.#
........>...##..##
####.#####.## ..# # #.#
#..# #.######.##.. #.#
#.## #...........# #.#
##<# #.#.# ##.....
#.###..#### #@#.##.....<.
#.##......###@#..........
#.##.#....##.K(.g........
#..#.#....#..#####K......
##.#.#......## .......
#...#....### ..K....
#..##....# .......
##.##....# #.#....
#.####### .....#


You could see Jessica and a kobold.

Vanquished Creatures
  Natasha (D:2)
  3 dart slugs
  3 bats
  A giant cockroach (D:1)
  4 goblins
  7 hobgoblins
  4 jackals (D:2)
  A ball python (D:1)
  9 kobolds
  2 rats (D:2)
35 creatures vanquished.

Notes
Turn   | Place    | Note
--------------------------------------------------------------
     0 | D:1      | magog001 the Minotaur Fighter began the quest for the Orb.
     0 | D:1      | Reached XP level 1. HP: 19/19 MP: 0/0
   481 | D:1      | Reached XP level 2. HP: 23/27 MP: 1/1
   813 | D:2      | Found a stormy altar of Qazlal.
   818 | D:2      | Found a shadowy altar of Dithmenos.
   898 | D:2      | Reached XP level 3. HP: 28/33 MP: 2/2
   948 | D:2      | Found a bloodstained altar of Trog.
  1026 | D:2      | Noticed Natasha
  1034 | D:2      | Killed Natasha
  1139 | D:2      | Reached skill level 1 in Dodging
  1143 | D:2      | Noticed Jessica
  1158 | D:2      | Reached XP level 4. HP: 25/40 MP: 3/3
  1169 | D:2      | HP: 2/40 [Jessica (1)]
  1169 | D:2      | Slain by Jessica

Skill      XL: |  1  2  3 |
---------------+----------+-----
Fighting       | 4 |  4.2
Shields        | 4 |  4.4
Armour         | 4 |  4.2
Dodging        | 1 |  1.2
Axes           | |  2.9

Action                   |  1- 3 |  4- 6 || total
-------------------------+-------+-------++-------
Melee: War axe           |    89 |    10 ||    99
       Headbutt          |    11 |     1 ||    12
  Use: Potion            |       |     1 ||     1
  Eat: Chunk             |     1 |       ||     1
Armor: Scale mail        |    48 |     3 ||    51
Dodge: Dodged            |    27 |     3 ||    30
Block: Shield            |    55 |     2 ||    57
